 Dungeon Crawl Stone Soup version 0.28.0-43-g3370ac3207 (webtiles) character file.

Game seed: 14418610559565128389

6005 Ekaitz the Firebug (level 10, -3/73 HPs)
             Began as a Demonspawn Fire Elementalist on Mar 1, 2022.
             Was a Priest of Sif Muna.
             Slain by a two-headed ogre
             ... wielding a +0 giant club
              (27 damage)
             ... on level 10 of the Dungeon on Mar 2, 2022.
             The game lasted 00:31:03 (12583 turns).

Ekaitz the Firebug (Demonspawn Fire Elementalist)  Turns: 12583, Time: 00:31:05

Health: -3/73      AC: 10    Str: 11    XL:     10   Next: 56%
Magic:  8/18       EV: 17    Int: 17    God:    Sif Muna [***...]
Gold:   575        SH:  0    Dex: 15    Spells: 9/19 levels left

rFire   . . .      SeeInvis .   d - +3 dagger (freeze)
rCold   + + .      Faith    .   (no shield)
rNeg    . . .      Spirit   .   T - +0 acid dragon scales
rPois   .          Reflect  .   O - +0 helmet
rElec   .          Harm     .   w - +0 cloak
rCorr   +          Rampage  .   o - +0 pair of gloves
Will    .....                   z - +0 pair of boots
Stlth   ++........              (no amulet)
HPRegen 0.22/turn               h - ring of protection from cold
MPRegen 0.16/turn               R - ring of protection from cold

@: repel missiles
A: repulsion field 3, ignite blood 2, powered by death 3
a: Renounce Religion, Channel Magic, Forget Spell


You were on level 10 of the Dungeon.
You worshipped Sif Muna.
Sif Muna was most pleased with you.
You visited 2 branches of the dungeon, and saw 11 of its levels.

You collected 575 gold pieces.

Inventory:

Hand Weapons
 d - a +3 dagger of freezing (weapon)
 g - a +0 scimitar
 q - a +1 vampiric spear
 t - a +2 flail of draining
 A - a +2 shortbow of freezing
 D - a +4 short sword
 F - a +2 vampiric dagger
 M - a +2 vorpal trident
 U - the +2 hunting sling of Hell's Wrath {flame, rPois rC- Str+2}
   (You found it on level 9 of the Dungeon)

   Any ammunition fired from it burns those it strikes, dealing additional fire
   damage.
   Str:       It affects your strength (+2).
   rC:        It makes you vulnerable to cold.
   rPois:     It protects you from poison.
Missiles
 m - 17 poisoned darts
 r - 57 bolts
 B - 290 arrows
 V - 387 stones
 W - 50 sling bullets
Armour
 o - a +0 pair of gloves (worn)
 w - a +0 cloak (worn)
 x - a scarf of shadows
 z - a +0 pair of boots (worn)
 I - a +0 buckler
 K - a +1 robe of cold resistance
 O - a +0 helmet (worn)
 T - +0 acid dragon scales (worn)
Jewellery
 h - a ring of protection from cold (left hand)
 L - an amulet of faith
 R - a ring of protection from cold (right hand)
Wands
 i - a wand of acid (6)
 u - a wand of polymorph (15)
 G - a wand of paralysis (4)
Scrolls
 c - 3 scrolls of amnesia {unknown}
 e - a scroll of brand weapon {unknown}
 f - 2 scrolls of immolation {unknown}
 j - 4 scrolls of teleportation {unknown}
 l - 2 scrolls of identify
 s - a scroll of magic mapping
 v - a scroll of torment
 y - 3 scrolls of enchant armour
 J - a scroll of vulnerability
 N - a scroll of acquirement
 P - a scroll of fog {unknown}
Potions
 a - 2 potions of mutation
 b - 5 potions of brilliance {unknown}
 k - 2 potions of ambrosia
 n - 3 potions of curing {unknown}
 p - a potion of heal wounds
 C - 2 potions of berserk rage
 E - 2 potions of haste
 H - 2 potions of cancellation {unknown}
 Q - 2 potions of invisibility {unknown}
 S - a potion of might {unknown}


   Skills:
 * Level 4.7 Fighting
 + Level 1.6 Short Blades
 + Level 0.6 Armour
 * Level 4.8 Dodging
 + Level 3.1 Stealth
 + Level 0.1 Unarmed Combat
 + Level 5.4 Spellcasting
 * Level 5.7 Conjurations
 * Level 4.4 Hexes
 * Level 4.2 Necromancy
 * Level 7.5 Fire Magic
 * Level 5.2 Invocations
 * Level 3.7 Evocations


You had 9 spell levels left.
You knew the following spells:

 Your Spells              Type           Power      Damage    Failure   Level
a - Foxfire               Conj/Fire      100%       2x1d9     1%          1
b - Scorch                Fire           60%        2d8       1%          2
c - Inner Flame           Hex/Fire       24%        N/A       5%          3
d - Conjure Flame         Conj/Fire      27%        6-21      4%          3
n - Pain                  Necr           72%        1d7       3%          1

Your spell library contained the following spells:

 Spells                   Type           Power      Damage    Failure   Level
 Animate Skeleton         Necr           36%        N/A       3%          1
 Dazzling Flash           Conj/Hex       42%        N/A       8%          3
 Vampiric Draining        Necr           18%        2d7       12%         3
 Flame Wave               Conj/Fire      27%        2d7       14%         4
 Ozocubu's Armour         Ice            4%         N/A       54%         3
 Agony                    Necr           18%        N/A       71%         5
 Metabolic Englaciation   Hex/Ice        6%         N/A       94%         5
 Silence                  Hex/Air        6%         N/A       94%         5
 Simulacrum               Ice/Necr       5%         N/A       100%        6


Dungeon Overview and Level Annotations

Branches:
Dungeon (10/15)            Temple (1/1) D:4
   Lair: D:8-11         Orc: D:9-12

Altars:
Ashenzari
Dithmenos
Elyvilon
Fedhas
Gozag
Hepliaklqana
Kikubaaqudgha
Makhleb
Nemelex Xobeh
Okawaru
Qazlal
Sif Muna
Trog
Uskayaw
Vehumet
Wu Jian
Xom
Yredelemnul
Zin
The Shining One

Shops:
D:8 !   D:10 :

Annotations:
D:8 6 transporters


Innate Abilities, Weirdness & Mutations

You are surrounded by a strong repulsion field. (EV +4, RMsl)
Your demonic aura often causes spilled blood to erupt in flames.
You regenerate a lot of health from kills.


Message History

The boulder beetle bites you!!
The killer bee stings you but does no damage.
A centaur comes into view.
Unknown command.
The foxfire hits the boulder beetle.
The boulder beetle is almost dead.
The foxfire hits the killer bee.
The killer bee is moderately wounded.
The boulder beetle leaps!
Unknown command.
Casting: Foxfire (safe; 1% risk of failure)
Confirm with . or Enter, or press ? or * to list all spells.
Flames lash the boulder beetle.
The boulder beetle is almost dead.
The boulder beetle's fire resistance burns away.
The boulder beetle curls into a ball and begins rolling!
The killer bee misses you.
Casting: Scorch (safe; 1% risk of failure)
Confirm with . or Enter, or press ? or * to list all spells.
Flames lash the boulder beetle but do no damage.
The killer bee stings you but does no damage.
A two-headed ogre comes into view. It is wielding two +0 giant clubs.
The killer bee stings you but does no damage.
The boulder beetle hits you but does no damage.
The boulder beetle stops rolling and uncurls.
Unknown command.
You hit the boulder beetle but do no damage.
You punch the boulder beetle, but do no damage.
The boulder beetle is almost dead.
The boulder beetle is no longer more vulnerable to fire.
The killer bee closely misses you.
The centaur wields a +0 shortbow.
The centaur shoots an arrow.
The arrow completely misses you. The killer bee closely misses you.
The boulder beetle bites you!
Unknown command.
Unknown command.
You hit the boulder beetle but do no damage.
The boulder beetle is almost dead.
The killer bee stings you but does no damage.
The two-headed ogre hits you with a +0 giant club!!
You die...

... #.# #.# #.# ####.##
#.!... #...O# #.°B@#
#..yZ###.# #...c..c#
#....###.###
########....# ..!
#.....###.#(###.###
#.###.# #.#.#....}#
####.###.###...#.⌠.⌠.#e
#...........#.((.._.B.#


You could see a boulder beetle (poisoned), a two-headed ogre, a centaur, a
killer bee and a centaur warrior zombie.

Vanquished Creatures
  Joseph (D:8)
  The ghost of croobank the Firebug, a novice GnFE (D:4)
  Psyche (D:8)
  A komodo dragon (D:10)
  2 wyverns
  3 yaks (D:5)
  A steam dragon (D:9)
  3 water moccasins
  An acid dragon (D:9)
  3 orc warriors
  2 black bears (D:6)
  5 ogres
  9 centaurs
  2 phantoms
  3 kobold brigands
  4 bullfrogs
  2 scorpions
  2 water moccasin skeletons
  4 wights (D:7)
  3 jellies
  A bullfrog skeleton (D:7)
  2 centaur zombies
  An orc priest (D:10)
  A bullfrog zombie (D:6)
  A hound (D:6)
  2 centaur skeletons
  3 gnoll shamans
  6 iguanas
  5 orc wizards
  16 gnolls
  6 adders
  A shadow imp (D:6)
  A white imp (D:7)
  An adder skeleton (D:4)
  2 worms
  3 dart slugs
  20 orcs
  9 ball pythons
  10 endoplasms
  A giant cockroach (D:2)
  7 goblins
  8 hobgoblins
  9 jackals
  9 quokkas
  3 bats
  2 frilled lizards
  24 kobolds
  4 rats
211 creatures vanquished.

Vanquished Creatures (others)
  460 foxfires
  2 plants (D:7)
462 creatures vanquished.

Grand Total: 673 creatures vanquished

Notes
Turn   | Place    | Note
-------+----------+-------------------------------------------
     0 | D:1      | Ekaitz the Demonspawn Fire Elementalist began the quest for
                  | the Orb.
     0 | D:1      | Reached XP level 1. HP: 13/13 MP: 3/3
   251 | D:1      | Gained mutation: You regenerate a little health from kills.
                  | [demonic ancestry]
   251 | D:1      | Reached XP level 2. HP: 19/19 MP: 1/5
   253 | D:1      | Reached skill level 3 in Fire Magic
   300 | D:1      | Learned a level 2 spell: Scorch
  1407 | D:2      | Gained mutation: You are surrounded by a mild repulsion
                  | field. (EV +2) [demonic ancestry]
  1407 | D:2      | Reached XP level 3. HP: 21/25 MP: 3/6
  1880 | D:2      | Found a faded altar of an unknown god.
  2337 | D:2      | Learned a level 3 spell: Inner Flame
  2375 | D:2      | Gained mutation: Your demonic aura sometimes causes spilled
                  | blood to erupt in flames. [demonic ancestry]
  2375 | D:2      | Reached XP level 4. HP: 29/31 MP: 2/7
  3016 | D:3      | Reached skill level 1 in Fighting
  3063 | D:3      | Noticed a scorpion
  3084 | D:3      | Killed a scorpion
  3085 | D:3      | Gained mutation: You regenerate health from kills. [demonic
                  | ancestry]
  3085 | D:3      | Reached XP level 5. HP: 33/37 MP: 1/8
  3164 | D:3      | Reached skill level 1 in Hexes
  3371 | D:4      | Found a transporter.
  3371 | D:4      | Noticed croobank's ghost (novice GnFE)
  3371 | D:4      | Noticed an ogre
  3372 | D:4      | Found a transporter.
  3372 | D:4      | Noticed an ogre
  3372 | D:4      | Noticed an ogre
  3385 | D:4      | Reached skill level 4 in Fire Magic
  3962 | D:4      | Found a staircase to the Ecumenical Temple.
  3968 | Temple   | Entered the Ecumenical Temple
  4107 | Temple   | Became a worshipper of Sif Muna the Loreminder
  4287 | D:4      | Reached XP level 6. HP: 41/43 MP: 2/10
  4291 | D:4      | Learned a level 3 spell: Conjure Flame
  4565 | D:4      | Reached skill level 1 in Invocations
  4837 | D:4      | Reached skill level 1 in Necromancy
  4837 | D:4      | Gained mutation: You regenerate a lot of health from kills.
                  | [demonic ancestry]
  4837 | D:4      | Reached XP level 7. HP: 13/49 MP: 0/11
  5283 | D:4      | Reached skill level 1 in Evocations
  5677 | D:5      | Entered Level 5 of the Dungeon
  5707 | D:5      | Noticed a yak
  5707 | D:5      | Noticed a yak
  5714 | D:5      | Noticed a yak
  5880 | D:5      | Killed a yak
  5881 | D:5      | Reached skill level 5 in Fire Magic
  5889 | D:5      | Killed a yak
  5890 | D:5      | Killed a yak
  5891 | D:5      | Gained mutation: You are surrounded by a moderate repulsion
                  | field. (EV +3) [demonic ancestry]
  5891 | D:5      | Reached XP level 8. HP: 57/57 MP: 1/13
  6029 | D:5      | Reached * piety under Sif Muna
  7064 | D:6      | Reached skill level 6 in Fire Magic
  7111 | D:6      | Reached skill level 1 in Short Blades
  7201 | D:6      | Gained mutation: You are surrounded by a strong repulsion
                  | field. (EV +4, RMsl) [demonic ancestry]
  7201 | D:6      | Reached XP level 9. HP: 64/64 MP: 11/15
  7709 | D:6      | Learned a level 1 spell: Pain
  8033 | D:7      | Reached ** piety under Sif Muna
  8968 | D:8      | Noticed Psyche
  8981 | D:7      | Reached skill level 5 in Conjurations
  9042 | D:8      | Noticed Joseph
  9046 | D:8      | Paralysed by Joseph for 2 turns
  9049 | D:8      | Killed Joseph
  9054 | D:8      | Reached skill level 7 in Fire Magic
  9141 | D:8      | Found a transporter.
  9142 | D:8      | Found a transporter.
  9172 | D:8      | Killed Psyche
  9215 | D:8      | Gained mutation: Your demonic aura often causes spilled
                  | blood to erupt in flames. [demonic ancestry]
  9215 | D:8      | Reached XP level 10. HP: 39/71 MP: 17/17
  9234 | D:8      | Reached skill level 5 in Spellcasting
  9368 | D:8      | Found a transporter.
  9371 | D:8      | Found a transporter.
  9519 | D:8      | Identified a scroll of acquirement
  9530 | D:8      | Found Gawociw's Distillery.
  9578 | D:8      | Found a transporter.
  9578 | D:8      | Found a transporter.
 10723 | D:9      | Reached *** piety under Sif Muna
 10951 | D:9      | Identified the +2 hunting sling of Hell's Wrath {flame,
                  | rPois rC- Str+2}
 10963 | D:9      | Reached skill level 5 in Invocations
 11620 | D:4      | Killed croobank's ghost
 12301 | D:10     | Entered Level 10 of the Dungeon
 12307 | D:10     | Found Taneseg's Self-Improvement Boutique.
 12547 | D:10     | Found a shimmering blue altar of Sif Muna.
 12552 | D:10     | Noticed a deep elf pyromancer
 12552 | D:10     | Noticed a boulder beetle
 12581 | D:10     | Noticed a two-headed ogre
 12583 | D:10     | Slain by a two-headed ogre

Illustrated notes

Levels and vault maps discovered:
D:1:      matt_arrival_grand_opening, layout_loops_ring
D:2:      kennysheep_six_static_rooms, layout_basic,
          hellmonk_ecumenical_altar_arch_garden
D:3:      layout_basic
D:4:      layout_layer_cave, minmay_temple_entry_hall, gammafunk_ghost_smash
D:5:      layout_rooms
D:6:      layout_loops_cross, kennysheep_generic_room_13
D:7:      layout_loops_cross, chequers_mini_garden, serial_bayou_ford_a
D:8:      layout_rooms, serial_shops, shop_fountains, serial_nicolae_subway,
          nicolae_sub_station_stone, nicolae_sub_station_crystal,
          nicolae_sub_station_metal, uniq_psyche, uniq_joseph
D:9:      layout_basic, kennysheep_generic_room_11
D:10:     minmay_the_grid_square_5x5_3x3 [minmay_the_grid_square_5x5_comb,
          minmay_the_grid_square_5x5_half_checkered,
          minmay_the_grid_square_5x5_detours,
          minmay_the_grid_square_5x5_shrine1,
          minmay_the_grid_square_5x5_megaprize_checkered,
          minmay_the_grid_square_5x5_hollow_slash,
          minmay_the_grid_square_5x5_n_small,
          minmay_the_grid_square_5x5_doubleslash,
          minmay_the_grid_square_5x5_inner_z], layout_loops_cross,
          chequers_temple_overflow_statue_of_worship,
          due_lair_maze_entry_diamond, minmay_misc_feat_enclosed,
          nicolae_shop_self_help
Temple:   regret_index_temple_chain_breaker

Skill      XL: |  1  2  3  4  5  6  7  8  9 10 |
---------------+-------------------------------+-----
Fire Magic     | 3 4 5 6 7 |  7.5
Dodging        | 2 3 4 |  4.8
Conjurations   | 2 3 4 5 |  5.7
Fighting       | 1 2 3 4 |  4.7
Hexes          | 1 2 3 4 |  4.4
Invocations    | 1 2 3 4 5 |  5.2
Stealth        | 2 3 |  3.1
Necromancy     | 1 2 3 4 |  4.2
Spellcasting   | 3 4 5 |  5.4
Evocations     | 1 2 3 |  3.7
Short Blades   | 1 |  1.6
Armour         | |  0.6
Unarmed Combat | |  0.1

Action                   |  1- 3 |  4- 6 |  7- 9 | 10-12 || total
-------------------------+-------+-------+-------+-------++-------
Melee: Dagger            |    37 |    38 |    80 |    93 ||   248
       Punch             |       |     2 |     1 |     4 ||     7
       Unarmed           |       |       |     7 |       ||     7
Throw: Dart              |       |       |       |     6 ||     6
 Cast: Foxfire           |    54 |    68 |   101 |    41 ||   264
       Scorch            |    16 |    23 |    58 |    36 ||   133
       Inner Flame       |       |     1 |     2 |       ||     3
       Conjure Flame     |       |       |     7 |     3 ||    10
       Pain              |       |       |     3 |       ||     3
  Use: Scroll            |       |       |     7 |     5 ||    12
 Stab: Sleeping          |     2 |     3 |     9 |     2 ||    16
Armor: Robe              |    11 |     6 |    32 |    29 ||    78
       Acid dragon scale |       |       |       |    17 ||    17
Dodge: Dodged            |    46 |    42 |   188 |   150 ||   426
       Repelled          |       |       |     1 |       ||     1
